Map: Usina Ácida LE

Players

Albatraoz

  • Race: Terran Terran
  • League: Silver
  • Spawn Location: 5:00

IagoAbreu - Winner!

  • Race: Zerg Zerg
  • League: Gold
  • Spawn Location: 11:00

VOD

Have the link to the VOD?

Description

Time

  • Played on: May 13, 2018, 3:32 p.m.
  • Length: 5:05
Show
View Real Time Build Order
Export as new Build Order

Albatraoz Terran 

Build Orders:  

Get SALT Encoding   

  12  0:01  SCV  
  13  0:28  SCV, Supply Depot, Refinery  
  14  0:43  Engineering Bay  
  14  0:44  SCV  
  15  1:03  Barracks  
  15  1:06  SCV  
  16  1:27  Supply Depot  
  16  1:33  Barracks  
  16  1:39  SCV  
  18  1:54  Marine  
  18  2:00  SCV  
  19  2:10  Refinery  
  19  2:17  Marine  
  19  2:22  Orbital Command  
  20  2:27  Marine  
  21  2:44  Marine  
  21  2:50  Barracks Reactor  
  21  3:02  Marine  
  18  3:20  Marine  
  14  3:38  Marine  
  14  3:42  Marine x2  
Show
View Real Time Build Order
Export as new Build Order

IagoAbreu Zerg - Winner!

Build Orders: Hatch First 

Get SALT Encoding   

  12  0:01  Drone  
  13  0:13  Overlord  
  13  0:23  Drone  
  13  0:27  Extractor  
  13  0:28  Drone  
  14  0:35  Drone  
  15  0:48  Drone  
  15  0:49  Drone  
  17  1:11  Hatchery  
  16  1:19  Spawning Pool  
  15  1:26  Drone x2  
  17  1:49  Evolution Chamber  
  17  1:50  Drone x3  
  19  2:01  Overlord  
  19  2:12  Overlord  
  19  2:25  Zergling x2  
  19  2:26  Queen  
  22  2:35  Zerg Melee Weapons Level 1  
  22  2:42  Zergling x2  
  23  2:45  Zergling x2  
  23  2:56  Zergling x2  
  24  2:59  Metabolic Boost  
  24  3:04  Queen  
  26  3:20  Zergling x4  
  26  3:34  Zergling x6  
  26  3:35  Zergling x2  
  26  3:38  Overlord  
  26  3:39  Overlord  
  29  3:42  Queen  
  29  3:58  Zergling x4  
  31  4:14  Zergling x4  
  32  4:37  Zergling x6  
Tags
 
Add a new tag
Caveats
  • Supply blocks, unpowered buildings, or Contaminate may cause inaccurate times.
  • Supply counts are checked every 10 seconds.